 Dungeon Crawl Stone Soup version 0.30-a0-793-g160f7cfddd (webtiles) character file.

Game seed: 1457152249616112373

104 cheesebisquit the Shooter (level 4, -4/37 HPs)
             Began as a Minotaur Hunter on Feb 19, 2023.
             Killed from afar by Natasha (12 damage)
             ... with a bolt of light
             ... on level 4 of the Dungeon.
             The game lasted 00:04:54 (1838 turns).

cheesebisquit the Shooter (Minotaur Hunter)         Turns: 1838, Time: 00:04:54

Health: -4/37      AC:  4    Str: 15    XL:     4   Next: 52%
Magic:  3/3        EV: 12    Int: 12    God:
Gold:   134        SH:  0    Dex: 16    Spells: 3/3 levels left

rFire   . . .      SeeInvis .    a - +0 shortbow
rCold   . . .      Faith    .    (shield currently unavailable)
rNeg    . . .      Spirit   .    c - +0 leather armour
rPois   .          Reflect  .    (helmet restricted)
rElec   .          Harm     .    (no cloak)
rCorr   .          Rampage  .    (no gloves)
Will    .....                    g - +0 pair of boots
Stlth   +                        (no amulet)
HPRegen 0.26/turn                d - +6 ring of intelligence
MPRegen 0.08/turn                (no ring)

@: confused
A: horns 2, retaliatory headbutt
a: no special abilities


You were on level 4 of the Dungeon.
You visited 1 branch of the dungeon, and saw 3 of its levels.

You collected 134 gold pieces.

Inventory:

Hand Weapons
 a - a +0 shortbow (weapon)
Missiles
 h - 9 poisoned darts
Armour
 c - a +0 leather armour (worn)
 g - a +0 pair of boots (worn)
Jewellery
 d - a +6 ring of intelligence (left hand)
Wands
 p - a wand of light (13)
Scrolls
 b - a scroll of immolation
 e - 2 scrolls of identify {unknown}
 i - a scroll of magic mapping {unknown}
 j - a scroll of teleportation {unknown}
 l - 2 scrolls of vulnerability {unknown}
 o - a scroll of amnesia {unknown}
Potions
 f - a potion of flight {unknown}
 k - a potion of mutation {unknown}
 m - a potion of resistance {unknown}
 n - a potion of curing {unknown}


   Skills:
 - Level 2.5 Fighting
 + Level 6.4 Ranged Weapons
 - Level 2.3 Dodging
 - Level 1.0 Stealth


You had 3 spell levels left.
You didn't know any spells.
Your spell library was empty.

Dungeon Overview and Level Annotations

Branches:
Dungeon (2/15)

Altars:

Annotations:
D:4 Natasha; holysushi's ghost, amateur TrMo


Innate Abilities, Weirdness & Mutations

You have a pair of horns on your head.
You reflexively headbutt those who attack you in melee.


Message History

A dart slug comes into view.
You shoot an arrow. The arrow hits the dart slug!
You kill the dart slug!
A goblin comes into view. It is wielding a +0 club.
You shoot an arrow. The arrow hits the goblin!
You kill the goblin!
Things that are here:
a +0 club; a goblin corpse
Found an escape hatch in the floor.
Found a cloak.
Natasha, Servant of Life and Death comes into view.
She is carrying a wand of light (12).
Natasha moves out of view.
p - a wand of light (13)
You shoot an arrow.
Natasha hisses angrily.
The arrow hits Natasha but does no damage.
Natasha claws you.
You shoot an arrow. The arrow hits Natasha!
Natasha is heavily wounded.
Natasha casts a spell at you. You resist with some effort.
You shoot an arrow. The arrow closely misses Natasha.
Natasha claws you.
Natasha zaps a wand.
The bolt of light hits you!
You shoot an arrow. The arrow hits Natasha.
Natasha is severely wounded.
Natasha closely misses you.
You shoot an arrow. The arrow closely misses Natasha.
Natasha drinks a potion.
Natasha seems to grow stronger.
You shoot an arrow. The arrow closely misses Natasha.
Natasha zaps a wand.
The bolt of light hits you!
You are confused.
* * * LOW HITPOINT WARNING * * *
You shoot an arrow. Natasha barely misses you.
Non-targeted confused fire: a) +0 shortbow
Press: ? - help, Q - select action, (/) - cycle Dir - look around, f - activate Look: Natasha, carrying a wand of light (10) (heavily wounded, strong)
You shoot an arrow.
Natasha zaps a wand.
The bolt of light hits you!
You are more confused.
You die...

#######.# #.########.#
........#####...........
####.>..............##.#
#..............#.##.#
#....########....##.#
##.#.########.#(.....
#..........#.####..#
#####...######.#.# #.##
.......@h..# #.# #.#
#####....#.# #.# ##.##
##...# # #.. ..... #[..#
#†# #.## #.... ..# #.#
....## #.## #.### #...
#. #### #####


You could see Natasha (strong).

Vanquished Creatures
  Natasha (D:4)
  2 adders (D:2)
  A worm (D:2)
  A dart slug (D:4)
  7 ball pythons
  7 endoplasms
  3 giant cockroaches
  A hobgoblin (D:1)
  5 jackals (D:1)
  4 quokkas
  7 bats
  2 frilled lizards
  7 goblins
  3 rats (D:1)
51 creatures vanquished.

Notes
Turn   | Place    | Note
-------+----------+-------------------------------------------
     0 | D:1      | cheesebisquit the Minotaur Hunter began the quest for the
                  | Orb.
     0 | D:1      | Reached XP level 1. HP: 18/18 MP: 0/0
    62 | D:1      | Reached skill level 1 in Stealth
   128 | D:1      | Reached XP level 2. HP: 25/25 MP: 1/1
   284 | D:1      | Reached skill level 5 in Ranged Weapons
   647 | D:1      | Reached XP level 3. HP: 30/30 MP: 2/2
  1463 | D:2      | Reached skill level 6 in Ranged Weapons
  1463 | D:2      | Reached XP level 4. HP: 31/37 MP: 3/3
  1589 | D:2      | You fall into a shaft and drop 2 floors!
  1629 | D:4      | Noticed Natasha
  1636 | D:4      | Killed Natasha
  1778 | D:4      | Noticed holysushi's ghost (amateur TrMo)
  1826 | D:4      | Noticed Natasha
  1838 | D:4      | Killed from afar by Natasha

Illustrated notes

Levels and vault maps discovered:
D:1:      nicolae_arrival_memento_mori, layout_basic, serial_curves,
          eino_curves_04, eino_curves_03, eino_curves_02, minivault_5
D:2:      layout_basic
D:4:      layout_loops_ring, gammafunk_temple_overflow_pools,
          gammafunk_ghost_split, uniq_natasha, uniq_ijyb, uniq_sigmund,
          uniq_grinder

Skill      XL: |  1  2  3 |
---------------+----------+-----
Stealth        | 1 |  1.0
Ranged Weapons | 5 6 |  6.4
Fighting       | |  2.5
Dodging        | |  2.3

Action                     |  1- 3 |  4- 6 || total
---------------------------+-------+-------++-------
   Fire: Shortbow          |    91 |    27 ||   118
 Armour: Leather armour    |     9 |       ||     9
  Dodge: Dodged            |    14 |     3 ||    17

Table legend: (Time is in decaauts)
 A = Elapsed time spent in this place.
 B = Non-inter-level travel time spent in this place.
 C = Inter-level travel time spent in this place.
 D = Time resting spent in this place.
 E = Time spent auto-exploring this place.
 F = Levels seen in this place.
 G = Mean time per level.
                   A        B        C        D        E       F      G
               +--------+--------+--------+--------+--------+-----+--------+
         Total |   1869 |   1833 |     36 |      0 |   1584 |   3 |  623.0 |
       Dungeon |   1869 |   1833 |     36 |      0 |   1584 |   3 |  623.0 |
               +--------+--------+--------+--------+--------+-----+--------+

Top non-repeatable levels by time:
     D:1: 1221 daAuts
     D:2: 394 daAuts
     D:4: 253 daAuts
